 Dungeon Crawl Stone Soup version 0.21-a0-538-gd16b88a (webtiles) character file.

17423 Gorice the Grappler (level 12, 0/80 HPs)
             Began as a Demonspawn Wanderer on Dec 15, 2017.
             Was a High Priest of Qazlal.
             Slain by a frost giant
             ... wielding a +2 battleaxe of freezing
              (2 damage)
             ... in an ice cave.
             The game lasted 00:59:22 (15976 turns).

Gorice the Grappler (Demonspawn Wanderer)          Turns: 15976, Time: 00:59:24

Health: 0/80       AC: 24    Str: 19    XL:     12   Next: 18%
Magic:  20/20      EV:  7    Int: 12    God:    Qazlal [*****.]
Gold:   714        SH:  6    Dex: 13    Spells: 11/11 levels left

rFire    . . .     SeeInvis .     - Unarmed
rCold    + + +     Gourm    .   (no shield)
rNeg     . . .     Faith    .   z - +0 plate armour
rPois    .         Spirit   .   (no helmet)
rElec    .         Reflect  .   m - +2 cloak
rCorr    .         Harm     .   (gloves unavailable)
MR       .....                  (no boots)
Stlth    ..........             (no amulet)
HPRegen  0.23/turn              k - ring of protection from cold
MPRegen  0.17/turn              d - ring of protection from cold

@: protected from physical damage, repel missiles
A: claws 3, slimy green scales 2, cold resistance 1, freezing cloud immunity
a: Upheaval, Elemental Force, Disaster Area, Renounce Religion


You were in an ice cave.
You worshipped Qazlal.
Qazlal was extremely pleased with you.
You were not hungry.

You visited 3 branches of the dungeon, and saw 12 of its levels.
You also visited: Ice Cave.

You collected 714 gold pieces.

Inventory:

Hand Weapons
 A - a +1 quarterstaff
 B - a +0 blowgun
Missiles
 G - 5 javelins
 P - 11 tomahawks (quivered)
 Y - 377 stones
Armour
 f - a +1 chain mail of fire resistance
   (You found it in an ice cave)
 m - a +2 cloak (worn)
 z - a +0 plate armour (worn)
Jewellery
 d - a ring of protection from cold (right claw)
 k - a ring of protection from cold (left claw)
Wands
 c - a wand of random effects (15)
 e - a wand of iceblast (8)
 r - a wand of acid (8)
 t - a wand of disintegration (32)
 y - a wand of enslavement (28)
 C - a wand of scattershot (7)
 E - a wand of flame (54)
 J - a wand of polymorph (18)
 O - a wand of paralysis (22)
 R - a wand of digging (13)
Scrolls
 s - 4 scrolls of fear {!r}
 u - 5 scrolls of teleportation {!r}
 x - 5 scrolls of remove curse
 F - 3 scrolls of fog
 K - a scroll of blinking
Potions
 a - 2 potions of curing
 g - a potion of lignification {!q}
 i - 4 potions of heal wounds {!q}
 n - 2 potions of invisibility {!q}
 v - a potion of haste {!q}
 I - 2 potions of cancellation {!q}
 N - a potion of berserk rage
Comestibles
 b - 7 chunks of flesh
 w - 7 royal jellies


   Skills:
 + Level 2.8 Fighting
   Level 1.7 Axes
 - Level 2.2 Staves
 - Level 10.3 Armour
 - Level 2.6 Dodging
 + Level 12.5 Unarmed Combat
 + Level 11.0 Invocations
 - Level 2.0 Evocations


You had 11 spell levels left.
You didn't know any spells.

Dungeon Overview and Level Annotations

Branches:
Dungeon (10/15)            Temple (1/1) D:4            Lair (1/6) D:10
    Orc: D:9-12

Altars:
Ashenzari
Cheibriados
Dithmenos
Elyvilon
Fedhas
Gozag
Hepliaklqana
Kikubaaqudgha
Makhleb
Nemelex Xobeh
Okawaru
Qazlal
Ru
Sif Muna
Trog
Uskayaw
Vehumet
Wu Jian
Xom
Yredelemnul
Zin
The Shining One

Shops:
D:6 [


Innate Abilities, Weirdness & Mutations

You have claws for hands.
You are mostly covered in slimy green scales. (AC +3)
Your flesh is cold resistant. (rC+)
You are immune to freezing clouds.


Message History

Your protection from physical attacks is fading.
You start resting.
You hear an angry growl.
You feel less protected from physical attacks.
You start resting.
Some of the chunks of flesh in your inventory have rotted away. x2
You hear an angry growl.
HP restored.
You see here a polar bear skeleton.
You hear an angry growl.
You hear a shout!
Some of the chunks of flesh in your inventory have rotted away.
A frost giant comes into view. It is wielding a battleaxe of freezing.
Evoke which item? (* to show all) (? for menu, Esc to quit)
Aiming: Disintegrate
Press: ? - help, Shift-Dir - straight line, f - frost giant
Aim: a frost giant, wielding a battleaxe of freezing (lightly wounded, chance to defeat MR: 24%)
Okay, then.
Evoke which item? (* to show all) (? for menu, Esc to quit)
Aiming: Corrosive Bolt
Press: ? - help, Shift-Dir - straight line, f - frost giant
Aim: a frost giant, wielding a battleaxe of freezing (lightly wounded)
The bolt of acid hits the frost giant.
The frost giant is splashed with acid.
The acid corrodes the frost giant!
The frost giant is lightly wounded.
You block the frost giant's attack.
You completely miss the frost giant.
The frost giant is lightly wounded.
You claw the frost giant!
The frost giant is moderately wounded.
The frost giant hits you with a battleaxe of freezing!!
Damage: 23 (max 23)
You mangle the frost giant!!
The frost giant is severely wounded.
You mangle the frost giant!!
The frost giant is almost dead.
The frost giant hits you with a battleaxe of freezing!!
* * * LOW HITPOINT WARNING * * *
You feel protected from cold. The frost giant freezes you.
* * * LOW HITPOINT WARNING * * *
Damage: 30 (max 30)
You claw the frost giant!
The frost giant is almost dead.
The frost giant hits you with a battleaxe of freezing!!
* * * LOW HITPOINT WARNING * * *
Your resistance to cold fades away.
You feel protected from physical attacks.
The frost giant freezes you.
You die...

##########
###...##...######
###.§.##...##...#..
###..§.##########..#.
#.§.@.## #..###
#.§.C## ##..## ###.§§
###.. ##... ### ###..
# ##. ≈≈ ## ≈≈≈ ≈≈#
#≈≈


You could see a frost giant.

Vanquished Creatures
  2 centaur warriors (D:9)
  A queen ant (D:10)
  The ghost of Scuka the Carver, a novice BaFi (D:6)
  Pikel (D:7)
  Joseph (D:7)
  Psyche (D:9)
  Maurice (D:9)
  2 rime drakes (Lair:1)
  16 polar bears (IceCv)
  A hornet (D:7)
  A hippogriff (D:6)
  A shadow (D:10)
  12 yaks (IceCv)
  3 wyverns
  6 soldier ants (D:10)
  A water moccasin (D:6)
  Duvessa (D:7)
  2 hell hounds (D:10)
  A porcupine (Lair:1)
  A slave (D:7)
  A hornet zombie (D:7)
  5 orc warriors
  2 ice beasts
  An eye of draining (D:10)
  A phantom (D:5)
  A necrophage (D:9)
  A sky beast (D:6)
  4 ogres
  13 wolves (IceCv)
  3 centaurs
  2 crocodiles
  3 bullfrogs
  Dowan (D:7)
  A wyvern skeleton (D:9)
  3 howler monkeys
  5 crimson imps
  2 bullfrog zombies
  3 hounds
  A quasit (D:9)
  5 gnoll shamans (D:5)
  A jelly (D:8)
  A centaur zombie (D:6)
  4 orc priests
  7 orc wizards
  A bullfrog skeleton (D:10)
  5 iguanas
  30 worker ants
  A killer bee zombie (D:6)
  A hound skeleton (D:6)
  A hound zombie (D:7)
  54 gnolls
  13 adders
  3 shadow imps
  An ooze (D:6)
  2 adder zombies
  2 worms
  4 dart slugs
  5 leopard geckos
  47 orcs
  2 ball pythons
  3 giant cockroaches
  6 goblins
  11 hobgoblins
  29 jackals
  3 quokkas
  14 bats
  5 frilled lizards
  A jackal zombie (D:5)
  14 kobolds
  A quokka zombie (D:7)
  8 rats
394 creatures vanquished.

Vanquished Creatures (others)
  3 polar bears (IceCv)
3 creatures vanquished.

Grand Total: 397 creatures vanquished

Notes
Turn   | Place    | Note
-------+----------+-------------------------------------------
     0 | D:1      | Gorice the Demonspawn Wanderer began the quest for the Orb.
     0 | D:1      | Gorice set off with: a +2 hand axe, a +0 quarterstaff, a wand of random effects (15), a +0 robe, a bread ration {!e}
     0 | D:1      | Reached XP level 1. HP: 15/15 MP: 2/2
    78 | D:1      | Reached skill level 2 in Staves
   260 | D:1      | Gained mutation: You have sharp fingernails. [demonic ancestry]
   260 | D:1      | Reached XP level 2. HP: 18/21 MP: 3/3
   412 | D:1      | Reached skill level 1 in Armour
   525 | D:1      | Reached skill level 1 in Unarmed Combat
   628 | D:1      | HP: 6/21 [kobold/whip (4)]
   876 | D:1      | Gained mutation: You have very sharp fingernails. [demonic ancestry]
   876 | D:1      | Reached XP level 3. HP: 26/26 MP: 4/4
  1605 | D:1      | Reached skill level 2 in Unarmed Combat
  1772 | D:1      | Reached XP level 4. HP: 27/32 MP: 5/5
  2004 | D:2      | Reached skill level 2 in Armour
  2293 | D:2      | Reached skill level 3 in Unarmed Combat
  2433 | D:2      | Gained mutation: You are partially covered in slimy green scales. (AC +2) [demonic ancestry]
  2433 | D:2      | Reached XP level 5. HP: 36/37 MP: 6/6
  4134 | D:3      | Found a burning altar of Makhleb.
  4135 | D:3      | Found a radiant altar of Vehumet.
  4153 | D:3      | Reached skill level 4 in Unarmed Combat
  4300 | D:4      | Reached XP level 6. HP: 22/43 MP: 7/7
  4491 | D:4      | Reached skill level 3 in Armour
  5064 | D:4      | HP: 12/43 [orc/hand axe (2)]
  5352 | D:4      | Found a staircase to the Ecumenical Temple.
  5357 | Temple   | Entered the Ecumenical Temple
  5416 | Temple   | Became a worshipper of Qazlal Stormbringer
  5622 | D:3      | Reached skill level 5 in Unarmed Combat
  5780 | D:5      | Entered Level 5 of the Dungeon
  5886 | D:5      | Gained mutation: You are mostly covered in slimy green scales. (AC +3) [demonic ancestry]
  5886 | D:5      | Reached XP level 7. HP: 48/48 MP: 8/8
  6160 | D:5      | Reached * piety under Qazlal
  6245 | D:5      | Reached skill level 4 in Armour
  6286 | D:5      | Reached skill level 6 in Unarmed Combat
  6667 | D:5      | Reached XP level 8. HP: 22/54 MP: 9/9
  7020 | D:5      | Reached skill level 7 in Unarmed Combat
  7320 | D:5      | Reached skill level 5 in Armour
  7458 | D:5      | Reached ** piety under Qazlal
  8293 | D:6      | Reached skill level 8 in Unarmed Combat
  8690 | D:6      | Reached skill level 6 in Armour
  8690 | D:6      | Gained mutation: Your flesh is cold resistant. (rC+) [demonic ancestry]
  8690 | D:6      | Reached XP level 9. HP: 59/59 MP: 10/10
  8694 | D:6      | Noticed Scuka's ghost (novice BaFi)
  8705 | D:6      | Killed Scuka's ghost
  8705 | D:6      | Reached skill level 9 in Unarmed Combat
  8830 | D:6      | Found an iron altar of Okawaru.
  8839 | D:6      | Found Luclufy's Armour Shoppe.
  9015 | D:6      | HP: 10/59 [orc warrior/long sword (16)]
  9467 | D:6      | Found an opulent altar of Gozag.
  9679 | D:7      | Reached *** piety under Qazlal
  9686 | D:7      | Reached skill level 7 in Armour
  9716 | D:7      | Reached skill level 10 in Unarmed Combat
  9746 | D:7      | Noticed Dowan
  9761 | D:7      | Killed Dowan
  9763 | D:7      | Reached skill level 1 in Invocations
  9775 | D:7      | Noticed Duvessa
  9783 | D:7      | Killed Duvessa
  9793 | D:7      | Noticed Pikel
  9800 | D:7      | Killed Pikel
  9800 | D:7      | Reached skill level 2 in Invocations
  9800 | D:7      | Gained mutation: You are immune to freezing clouds. [demonic ancestry]
  9800 | D:7      | Reached XP level 10. HP: 57/65 MP: 10/12
  9838 | D:7      | Noticed Joseph
  9841 | D:7      | Reached skill level 3 in Invocations
  9865 | D:7      | Killed Joseph
 10055 | D:7      | Found a hazy altar of Hepliaklqana.
 10244 | D:7      | Found a shadowy altar of Dithmenos.
 10612 | D:7      | Reached skill level 4 in Invocations
 10930 | D:8      | Reached skill level 8 in Armour
 10961 | D:8      | Noticed a two-headed ogre
 11241 | D:8      | Noticed a two-headed ogre
 11264 | D:8      | HP: 16/65 [two-headed ogre/giant spiked club (12)]
 11587 | D:8      | Found a deep blue altar of Sif Muna.
 11587 | D:8      | Found a white marble altar of Elyvilon.
 11589 | D:8      | Found an opulent altar of Gozag.
 11726 | D:9      | Reached skill level 5 in Invocations
 12140 | D:9      | Noticed Psyche
 12146 | D:9      | Killed Psyche
 12149 | D:9      | Reached **** piety under Qazlal
 12203 | D:9      | Reached skill level 6 in Invocations
 12215 | D:9      | Noticed Maurice
 12215 | D:9      | Reached skill level 11 in Unarmed Combat
 12441 | D:9      | Noticed a centaur warrior
 12457 | D:9      | Killed a centaur warrior
 12457 | D:9      | Reached skill level 7 in Invocations
 12462 | D:9      | Killed Maurice
 12738 | D:10     | Entered Level 10 of the Dungeon
 12738 | D:10     | Noticed a centaur warrior
 12755 | D:9      | Killed a centaur warrior
 12755 | D:9      | Reached skill level 9 in Armour
 12755 | D:9      | Reached XP level 11. HP: 52/70 MP: 16/16
 13001 | D:10     | Found a staircase to the Lair.
 13431 | D:10     | Reached skill level 8 in Invocations
 13606 | D:10     | Noticed a queen ant
 13645 | D:10     | Killed a queen ant
 14236 | D:10     | Identified a scroll of acquirement
 14260 | Lair:1   | Entered Level 1 of the Lair of Beasts
 14319 | Lair:1   | Reached ***** piety under Qazlal
 14319 | Lair:1   | Reached skill level 9 in Invocations
 14363 | Lair:1   | Found a frozen archway.
 14387 | IceCv    | Entered an ice cave
 14618 | IceCv    | Reached skill level 12 in Unarmed Combat
 14650 | IceCv    | Reached skill level 10 in Armour
 14668 | IceCv    | HP: 17/70 [wolf (7)]
 15000 | IceCv    | Reached skill level 10 in Invocations
 15365 | IceCv    | HP: 18/70 [polar bear (5)]
 15648 | IceCv    | Gained mutation: You have claws for hands. [demonic ancestry]
 15648 | IceCv    | Reached XP level 12. HP: 77/77 MP: 19/19
 15791 | IceCv    | Reached skill level 2 in Fighting
 15830 | IceCv    | Reached skill level 11 in Invocations
 15970 | IceCv    | Noticed a frost giant
 15976 | IceCv    | HP: 2/80 [frost giant/battleaxe of freezing (26)]
 15976 | IceCv    | Slain by a frost giant

Vault maps used:
D:1:      dpeg_arrival_rooms_with_view
D:2:      minmay_joined_circles
D:3:      grunt_temple_overflow_lords_of_destruction, serial_aquarium,
          aquarium_bridge_square, aquarium_window_1, aquarium_window_2,
          aquarium_view_2d, aquarium_view_2c, minmay_goblin_kobold_house
D:4:      minmay_temple_entry_nine_rooms, first_bread
D:5:      lemuel_castle_with_subvaults
D:6:      overflow_temple_1_default, serial_shops, kennysheep_mini_moat,
          nicolae_gozag_cash_rules_everything_around_me
D:7:      kennysheep_little_box, nicolae_dithmenos_the_darkroom, uniq_pikel,
          uniq_joseph, uniq_duvessa
D:8:      nicolae_overflow_hidden_temple
D:9:      uniq_maurice, uniq_psyche
D:10:     lemuel_upstairs_altar, minmay_lair_entry_lava, zaba_antful_of_joy
Temple:   zaba_magenta_temple
Lair:1:   portal_ice_cave_rime
IceCv:    ice_cave_caverns_03

Skill      XL: |  1  2  3  4  5  6  7  8  9 10 11 12 |
---------------+-------------------------------------+-----
Staves         | 2 |  2.2
Armour         | 1 2 3 4 6 7 9 10 | 10.3
Unarmed Combat | 1 2 3 4 5 6 8 10 11 12 | 12.5
Invocations    | 2 7 10 11 | 11.0
Fighting       | 2 |  2.8
Axes           | |  1.7
Dodging        | |  2.6
Evocations     | |  2.0

Action                   |  1- 3 |  4- 6 |  7- 9 | 10-12 || total
-------------------------+-------+-------+-------+-------++-------
Melee: Quarterstaff      |   136 |   281 |       |       ||   417
       Unarmed           |       |    13 |   427 |   834 ||  1274
       Punch             |       |       |     8 |    33 ||    41
Throw: Stone             |     8 |    12 |       |       ||    20
       Tomahawk          |       |    14 |    19 |     2 ||    35
       Javelin           |       |       |     6 |     3 ||     9
Invok: Upheaval          |       |       |       |     1 ||     1
Evoke: Wand              |       |       |    22 |     7 ||    29
  Use: Scroll            |     1 |    11 |     5 |     6 ||    23
       Potion            |       |     1 |       |     1 ||     2
 Stab: Paralysed         |       |       |    10 |     4 ||    14
  Eat: Chunk             |     3 |    13 |    13 |    21 ||    50
Armor: Scale mail        |    58 |       |       |       ||    58
       Chain mail        |    31 |   175 |   155 |       ||   361
       Plate armour      |       |       |    51 |   451 ||   502
Dodge: Dodged            |    77 |   131 |   135 |   206 ||   549
       Deflected         |       |       |       |     5 ||     5
Block: Other             |       |       |    24 |   163 ||   187

Table legend:
 A = Spawn XP
 B = Non-spawn XP
 C = Spawn XP percentage of total XP
 D = Spawn monster count
 E = Non-spawn monster count
 F = Spawn count percentage of total count
 G = Total turns spent on level
                    A         B        C        D         E        F      G
               +---------+---------+-------+---------+---------+-------+---------
         Total |       0 |   24890 |   0.0 |       0 |     393 |   0.0 | 15976
               +---------+---------+-------+---------+---------+-------+---------
           D:1 |       0 |     101 |   0.0 |       0 |      36 |   0.0 |  1682
           D:2 |       0 |     156 |   0.0 |       0 |      33 |   0.0 |  1377
           D:3 |       0 |     165 |   0.0 |       0 |      30 |   0.0 |  1308
           D:4 |       0 |     309 |   0.0 |       0 |      17 |   0.0 |  1322
           D:5 |       0 |    1366 |   0.0 |       0 |      79 |   0.0 |  2476
           D:6 |       0 |    2036 |   0.0 |       0 |      27 |   0.0 |  1322
           D:7 |       0 |    2686 |   0.0 |       0 |      25 |   0.0 |  1446
           D:8 |       0 |     484 |   0.0 |       0 |      17 |   0.0 |   707
           D:9 |       0 |    4488 |   0.0 |       0 |      39 |   0.0 |  1177
          D:10 |       0 |    3494 |   0.0 |       0 |      45 |   0.0 |  1352
        Lair:1 |       0 |    1014 |   0.0 |       0 |       4 |   0.0 |   127
         IceCv |       0 |    8591 |   0.0 |       0 |      41 |   0.0 |  1589
               +---------+---------+-------+---------+---------+-------+---------

Table legend:
 A = Turns spent in this place as a percentage of turns spent in the entire game.
 B = Non-inter-level travel turns spent in this place as a percentage of non-inter-level travel turns spent in the entire game.
 C = Inter-level travel turns spent in this place as a percentage of turns spent in this place.
 D = Turns resting spent in this place as a percentage of non-inter-level travel turns spent in this place.
 E = Turns spent auto-exploring this place as a percentage of non-inter-level travel turns spent in this place.
 F = Non-inter-level travel turns spent in this place divided by the number of levels of this place that you've seen.
                   A       B       C       D       E      F
               +-------+-------+-------+-------+-------+----------------------
         Total | 100.0 | 100.0 |   2.9 |  31.4 |  28.4 | 1193.1
       Dungeon |  88.7 |  88.5 |   3.2 |  28.7 |  31.9 | 1372.2
        Temple |   0.6 |   0.5 |  20.9 |   0.0 |   0.0 |  72.0
          Lair |   0.8 |   0.8 |   0.0 |  14.2 |  19.7 | 127.0
      Ice Cave |   9.9 |  10.2 |   0.0 |  57.7 |   0.1 | 1589.0
               +-------+-------+-------+-------+-------+----------------------

Vault maps used:
D:1:      dpeg_arrival_rooms_with_view
D:2:      minmay_joined_circles
D:3:      grunt_temple_overflow_lords_of_destruction, serial_aquarium,
          aquarium_bridge_square, aquarium_window_1, aquarium_window_2,
          aquarium_view_2d, aquarium_view_2c, minmay_goblin_kobold_house
D:4:      minmay_temple_entry_nine_rooms, first_bread
D:5:      lemuel_castle_with_subvaults
D:6:      overflow_temple_1_default, serial_shops, kennysheep_mini_moat,
          nicolae_gozag_cash_rules_everything_around_me
D:7:      kennysheep_little_box, nicolae_dithmenos_the_darkroom, uniq_pikel,
          uniq_joseph, uniq_duvessa
D:8:      nicolae_overflow_hidden_temple
D:9:      uniq_maurice, uniq_psyche
D:10:     lemuel_upstairs_altar, minmay_lair_entry_lava, zaba_antful_of_joy
Temple:   zaba_magenta_temple
Lair:1:   portal_ice_cave_rime
IceCv:    ice_cave_caverns_03
